 Dungeon Crawl Stone Soup version 0.18.1-8-gdd0e5ea (webtiles) character file.

14342 Necrotakul the Basher (level 11, -1/133 HPs)
             Began as a Minotaur Berserker on June 9, 2016.
             Was an Elder of Trog.
             Succumbed to raetorn's ghost's poison
             ... on level 1 of the Lair of Beasts.
             The game lasted 00:41:12 (10410 turns).

Necrotakul the Basher (Minotaur Berserker)         Turns: 10410, Time: 00:41:12

Health: -1/133     AC: 30    Str: 23    XL:     11   Next: 87%
Magic:  10/10      EV:  2    Int:  5    God:    Trog [****..]
Gold:   633        SH:  0    Dex: 11    Spells: 0 memorised, 10 levels left

rFire  . . .     SeeInvis .     v - +0 morningstar
rCold  . . .     Gourm    .     (armour currently unavailable)
rNeg   + + +     Faith    .     (no shield)
rPois  +         Spirit   .     (helmet currently unavailable)
rElec  .         Dismiss  .     (cloak currently unavailable)
rCorr  .         Reflect  .     (gloves currently unavailable)
SustAt .         Harm     .     (boots currently unavailable)
MR     .....     NoTele   +     (no amulet)
Stlth  +.........               (no ring)
                                E - +5 ring of protection

@: lethally poisoned (-1 -> -21), exhausted, tree-form, not resistant to hostile
enchantments, very unstealthy
A: (retaliatory headbutt), (horns 0), (camouflage 0), frail 1, (sturdy frame 0)
a: Berserk, Trog's Hand, Brothers in Arms, Burn Spellbooks, Renounce Religion


You were on level 1 of the Lair of Beasts.
You worshipped Trog.
Trog was greatly pleased with you.
You were not hungry.
You were a tree.
You visited 3 branches of the dungeon, and saw 13 of its levels.
You also visited: Volcano.

You collected 934 gold pieces.
You spent 301 gold pieces at shops.

Inventory:

Hand Weapons
 v - a +0 morningstar (weapon)
Missiles
 l - 28 tomahawks (quivered)
 J - 2 steel javelins
 M - 4 poisoned javelins
Armour
 n - a +0 pair of boots (melded)
 I - a +2 chain mail of fire resistance (melded)
 N - a +0 hat (melded)
Jewellery
 t - an uncursed ring of ice
 E - a +5 ring of protection (left branch)
Wands
 r - a wand of iceblast (5/15)
 F - a wand of disintegration (8/24)
 H - a wand of iceblast (10/15)
 O - a wand of flame (24/48)
 T - a wand of iceblast (8/15)
Scrolls
 a - 2 scrolls of noise {unknown}
 b - a scroll of magic mapping
 f - 8 scrolls of remove curse
 h - 6 scrolls of recharging
 j - 5 scrolls of enchant weapon
 k - 3 scrolls of enchant armour
 m - a scroll of fear {unknown}
 u - a scroll of immolation {unknown}
 w - a scroll of silence {unknown}
 y - 5 scrolls of teleportation
 B - a scroll of random uselessness {unknown}
 G - 3 scrolls of blinking
 U - a scroll of fog {unknown}
Potions
 g - 4 potions of agility
 i - 2 potions of cancellation
 p - 7 potions of brilliance
 q - a potion of might {unknown}
 z - 2 potions of lignification
 A - 2 potions of berserk rage
 D - a potion of magic {unknown}
 K - a potion of invisibility {unknown}
 L - a potion of haste {unknown}
Comestibles
 c - 6 bread rations
 x - 6 meat rations
 R - 3 fruits


   Skills:
 - Level 10.0 Fighting
 + Level 13.5 Maces & Flails
 - Level 6.0 Throwing
 - Level 10.4 Armour
 - Level 10.0 Dodging


You had 10 spell levels left.
You didn't know any spells.

Dungeon Overview and Level Annotations

Branches:
Dungeon (11/15)            Temple (1/1) D:6            Lair (1/8) D:10
    Orc (0/2) D:11

Altars:
Ashenzari
Cheibriados
Dithmenos
Elyvilon
Fedhas
Gozag
Kikubaaqudgha
Makhleb
Nemelex Xobeh
Okawaru
Pakellas
Qazlal
Ru
Sif Muna
Trog
Vehumet
Xom
Yredelemnul
Zin
The Shining One

Shops:
D:2 }   D:4 ?   D:7 [


Innate Abilities, Weirdness & Mutations

((You reflexively headbutt those who attack you in melee.))
((You have a pair of horns on your head.))
((Your skin changes colour to match your surroundings (Stealth).))
You are frail (-10% HP).
((Your movements are slightly less encumbered by armour (ER -2).))


Message History

Raetorn's ghost is severely damaged.
* * * LOW HITPOINT WARNING * * *
You feel very sick.
Raetorn's ghost hits you but does no damage.
Your two-headed ogre rages.
Your ogre hits raetorn's ghost with a giant club!!
Raetorn's ghost is destroyed!
Trog appreciates your killing of a magic user.
There is a lethal amount of poison in your body!
Drink which item? (? for menu, Esc to quit)
Okay, then.
* * * LOW HITPOINT WARNING * * *
You feel sick.
Your ogre rages.
* * * LOW HITPOINT WARNING * * *
You feel sick.
Your two-headed ogre rages.
Drink which item? (? for menu, Esc to quit)
You're too exhausted to go berserk.
You die...

,*,,,,,,* **,,,,,,,,,,#.....####.
****,,*** **,,,,,,,,,......#* ##
* *,.** *****,,*****,,......####
**,..###,**,,,*####,,.......##.
***,,.....#####*##≈≈#**,***#.....
,,,,*.........###§§≈##### ###.###
,,,**.........##§≈≈§≈##.# #P.##
,,***,,,#..!...O........###..#
,,***#...#......♣O.......##.P#
,,,**#,,*##...####.≈###......#
,,,,*,,,**#..## #### #...#..#
*,,,,*,,,#...# **#..###.#*
*,,,,,,,,###.#*** *...## ##.#**
,,,*,,,****.#.,,* #....* *#.#,
*****,,* *#*P,** ##...** *,.#* ,*
*,,** **** ###.,***,*# ** *,*,*
*..**,**


You could see a friendly two-headed ogre (berserk) and a friendly ogre
(berserk).

Vanquished Creatures
  Snorg (D:10)
  3 unseen horrors
  A hill giant (D:11)
  An ugly thing (D:11)
  2 cyclopes (D:11)
  The ghost of MirrMurr the Skirmisher, a novice GrBe of Trog (D:6)
  A black mamba (Lair:1)
  Joseph (D:10)
  A gargoyle (Volcano)
  An efreet (Volcano)
  3 two-headed ogres
  2 wyverns
  6 yaks (D:9)
  Grum (D:10)
  5 hippogriffs
  A hungry ghost (D:8)
  2 orc warriors (D:11)
  5 ice beasts
  A sky beast (D:7)
  A black bear (D:9)
  2 phantoms
  4 centaurs
  An eye of draining (D:11)
  A necrophage (D:5)
  4 wolves (D:10)
  The ghost of Gargoyl the Skirmisher, an amateur DsAK of Lugonu (D:3)
  4 ogres
  A crocodile (D:11)
  8 big kobolds
  5 giant frogs
  3 scorpions
  A wyvern skeleton (D:10)
  A water moccasin skeleton (D:5)
  5 killer bees (D:7)
  11 howler monkeys
  4 wights (D:10)
  2 crimson imps (D:8)
  A centaur zombie (D:10)
  A quasit (D:9)
  A jelly (D:6)
  7 orc priests
  A giant frog skeleton (D:8)
  2 hounds
  15 orc wizards
  A centaur skeleton (D:7)
  2 iguanas
  8 worker ants
  2 killer bee zombies
  2 sheep (D:11)
  A hound zombie (D:7)
  A howler monkey skeleton (D:9)
  9 adders
  3 shadow imps
  2 oozes
  An adder skeleton (D:8)
  An adder zombie (D:9)
  2 worms (D:2)
  2 dart slugs
  6 giant geckos
  43 orcs
  7 bats
  5 giant cockroaches
  2 gnoll zombies (D:6)
  4 goblins
  13 hobgoblins
  15 jackals
  4 quokkas
  A giant gecko zombie (D:7)
  4 giant newts
  16 kobolds
  7 rats
  A fire vortex (Volcano)
291 creatures vanquished.

Vanquished Creatures (collateral kills)
  The ghost of raetorn the Thaumaturge, a journeyman DsWz of Makhleb (Lair:1)
1 creature vanquished.

Vanquished Creatures (others)
  A fire vortex (Volcano)
1 creature vanquished.

Grand Total: 293 creatures vanquished

Notes
Turn   | Place    | Note
--------------------------------------------------------------
     0 | D:1      | Necrotakul the Minotaur Berserker began the quest for the Orb.
     0 | D:1      | Reached XP level 1. HP: 19/19 MP: 0/0
    13 | D:1      | Reached skill level 4 in Maces & Flails
    43 | D:1      | Reached XP level 2. HP: 13/26 MP: 1/1
   635 | D:2      | Reached ** piety under Trog
   670 | D:2      | Reached XP level 3. HP: 27/31 MP: 2/2
  1023 | D:2      | Reached XP level 4. HP: 36/39 MP: 3/3
  1067 | D:2      | Found an oddly glowing altar of Pakellas.
  1067 | D:2      | Found Pakellas's Prime Provisions.
  1621 | D:3      | Reached skill level 5 in Armour
  1636 | D:3      | Noticed Gargoyl's ghost (amateur DsAK)
  1645 | D:3      | Killed Gargoyl's ghost
  1645 | D:3      | Reached XP level 5. HP: 45/45 MP: 4/4
  1839 | D:3      | Reached skill level 5 in Maces & Flails
  1869 | D:3      | Reached *** piety under Trog
  2202 | D:4      | Reached XP level 6. HP: 51/51 MP: 5/5
  2217 | D:4      | Reached skill level 6 in Maces & Flails
  2317 | D:4      | Reached skill level 7 in Maces & Flails
  2484 | D:4      | Reached XP level 7. HP: 57/57 MP: 6/6
  2539 | D:4      | Reached skill level 8 in Maces & Flails
  2560 | D:4      | Found Komyman's Magic Scroll Shop.
  2563 | D:4      | Bought a scroll of identify for 28 gold pieces
  2563 | D:4      | Bought a scroll of identify for 28 gold pieces
  2563 | D:4      | Bought a scroll of magic mapping for 49 gold pieces
  2563 | D:4      | Bought a scroll of identify for 28 gold pieces
  2563 | D:4      | Bought a scroll of teleportation for 42 gold pieces
  2812 | D:5      | Entered Level 5 of the Dungeon
  2870 | D:5      | Reached skill level 9 in Maces & Flails
  3146 | D:5      | Found a shattered altar of Ashenzari.
  3264 | D:5      | Reached skill level 10 in Maces & Flails
  3264 | D:5      | Reached XP level 8. HP: 54/64 MP: 7/7
  3706 | D:6      | Found a staircase to the Ecumenical Temple.
  3733 | Temple   | Entered the Ecumenical Temple
  3800 | D:6      | Noticed MirrMurr's ghost (novice GrBe)
  3818 | D:6      | Killed MirrMurr's ghost
  3939 | D:6      | Found a basalt altar of Yredelemnul.
  3962 | D:6      | Found a radiant altar of Vehumet.
  4573 | D:7      | Found Lywof's Antique Armour Emporium.
  4947 | D:7      | Bought a shiny chain mail for 126 gold pieces
  5006 | D:7      | Reached XP level 9. HP: 83/83 MP: 8/8
  5193 | D:7      | Reached **** piety under Trog
  5219 | D:7      | Reached skill level 10 in Fighting
  5941 | D:8      | Reached skill level 10 in Armour
  6666 | D:9      | Reached skill level 1 in Throwing
  6732 | D:9      | Reached XP level 10. HP: 90/93 MP: 9/9
  7062 | D:9      | Reached skill level 5 in Throwing
  7261 | D:9      | Received a gift from Trog
  7414 | D:9      | Found an iron altar of Okawaru.
  7590 | D:10     | Entered Level 10 of the Dungeon
  7659 | D:10     | Noticed Joseph
  7676 | D:10     | Killed Joseph
  7676 | D:10     | Reached skill level 5 in Dodging
  7975 | D:10     | Noticed Snorg
  7994 | D:10     | Killed Snorg
  8100 | D:10     | Found a staircase to the Lair.
  8142 | D:10     | Killed an unseen horror
  8142 | D:10     | Reached XP level 11. HP: 67/99 MP: 10/10
  8146 | D:10     | Killed an unseen horror
  8574 | D:10     | Noticed Grum
  8589 | D:10     | Killed Grum
  8596 | D:10     | Received a gift from Trog
  8864 | D:11     | Reached skill level 10 in Dodging
  8918 | D:11     | Noticed a hill giant
  8926 | D:11     | Killed a hill giant
  8982 | D:11     | Noticed a purple ugly thing
  8990 | D:11     | Killed a purple ugly thing
  8990 | D:11     | Reached skill level 11 in Maces & Flails
  9204 | D:11     | Found a staircase to the Orcish Mines.
  9366 | D:11     | Killed an unseen horror
  9536 | D:11     | Reached skill level 12 in Maces & Flails
  9854 | D:11     | Reached ***** piety under Trog
 10014 | Lair:1   | Entered Level 1 of the Lair of Beasts
 10063 | Lair:1   | Reached skill level 13 in Maces & Flails
 10089 | Lair:1   | Found a dark tunnel.
 10094 | Lair:1   | Noticed raetorn's ghost (journeyman DsWz)
 10096 | Volcano  | Entered a volcano
 10395 | Lair:1   | HP: 7/148 [raetorn's ghost (2)]
 10396 | Lair:1   | Gained mutation: Your movements are slightly less encumbered by armour (ER -2). [potion of mutation]
 10396 | Lair:1   | Gained mutation: You are frail (-10% HP). [potion of mutation]
 10396 | Lair:1   | Gained mutation: Your skin changes colour to match your surroundings (Stealth). [potion of mutation]
 10407 | Lair:1   | HP: 5/133 [poisoned by raetorn's ghost]
 10407 | Lair:1   | Killed raetorn's ghost
 10409 | Lair:1   | HP: 1/133 [poisoned by raetorn's ghost]
 10410 | Lair:1   | Succumbed to raetorn's ghost's poison

Skill      XL: |  1  2  3  4  5  6  7  8  9 10 11 |
---------------+----------------------------------+-----
Maces & Flails | 4 5 7 10 13 | 13.5
Armour         | 3 4 6 10 | 10.4
Fighting       | 9 10 | 10.0
Throwing       | 2 6 |  6.0
Dodging        | 8 10 | 10.0

Action                   |  1- 3 |  4- 6 |  7- 9 | 10-12 || total
-------------------------+-------+-------+-------+-------++-------
Melee: Mace              |    80 |     8 |       |       ||    88
       Headbutt          |     9 |    15 |    73 |   113 ||   210
       Whip              |       |    98 |   383 |   436 ||   917
       Morningstar       |       |       |       |    31 ||    31
Throw: Tomahawk          |     5 |       |    13 |    18 ||    36
       Javelin           |       |       |       |     4 ||     4
Invok: Trog's Hand       |       |     5 |     8 |    11 ||    24
       Berserk           |       |     4 |     4 |     9 ||    17
       Brothers in Arms  |       |       |       |     2 ||     2
Evoke: Wand              |       |       |     4 |       ||     4
  Use: Scroll            |       |     1 |     8 |     2 ||    11
       Potion            |       |       |       |    10 ||    10
  Eat: Chunk             |       |    10 |    13 |    22 ||    45
       Pizza             |       |       |     2 |       ||     2
       Beef jerky        |       |       |     2 |       ||     2
       Royal jelly       |       |       |       |     1 ||     1
Armor: Animal skin       |     6 |       |       |       ||     6
       Scale mail        |    29 |    57 |    40 |       ||   126
       Chain mail        |       |       |   120 |   225 ||   345
       Skin              |       |       |       |    19 ||    19
Dodge: Dodged            |    48 |    58 |   140 |   151 ||   397
